 Dungeon Crawl Stone Soup version 0.27-a0-1071-ga85bd9520d (webtiles) character file.

Game seed: 17252486814418318048

53 spiderkeys the Insei (level 3, -3/24 HPs)
             Began as an Octopode Transmuter on Apr 25, 2021.
             Slain by Sigmund
             ... wielding a +1 scythe of freezing
              (13 damage)
             ... on level 2 of the Dungeon.
             The game lasted 00:02:46 (2026 turns).

spiderkeys the Insei (Octopode Transmuter)          Turns: 2026, Time: 00:02:47

Health: -3/24      AC:  1    Str:  9    XL:     3   Next: 89%
Magic:  6/6        EV: 13    Int: 16    God:
Gold:   1090       SH:  0    Dex: 12    Spells: 5/6 levels left

rFire    . . .     SeeInvis .     - Unarmed
rCold    . . .     Faith    .   (no shield)
rNeg     . . .     Spirit   .   (helmet currently unavailable)
rPois    .         Reflect  .   (no amulet)
rElec    .         Harm     .   (no ring)
rCorr    .         Rampage  .   (no ring)
Will     .....                  (no ring)
Stlth    +.........             (no ring)
HPRegen  0.08/turn              (no ring)
MPRegen  0.10/turn              (no ring)
                                (no ring)
                                (no ring)

@: appendages, silenced
A: tentacle spike 3, almost no armour, amphibious, 8 rings, camouflage 1,
gelatinous body 1, (nimble swimmer 1), tentacles
a: End Transformation


You were on level 2 of the Dungeon.
One of your tentacles had grown a beastly spike.
You visited 1 branch of the dungeon, and saw 2 of its levels.

You collected 1090 gold pieces.


Innate Abilities, Weirdness & Mutations

One of your tentacles has grown a beastly spike.
You cannot wear most types of armour.
You are amphibious.
You can wear up to eight rings at the same time.
Your skin changes colour to match your surroundings (Stealth+).
Your rubbery body absorbs attacks. (AC +1, EV +1)
((You are camouflaged near water. (Stealth+)))
You have tentacles for arms and can constrict up to eight enemies at once.


   Skills:
 + Level 1.6 Fighting
 + Level 2.5 Dodging
 + Level 3.3 Unarmed Combat
 + Level 2.4 Spellcasting
 + Level 2.5 Transmutations


You had 5 spell levels left.
You knew the following spells:

 Your Spells              Type           Power      Damage    Failure   Level
b - Beastly Appendage     Tmut           20%        N/A       7%          1

Your spell library contained the following spells:

 Spells                   Type           Power      Damage    Failure   Level
 Wereblood                Tmut           10%        N/A       11%         2
 Magic Dart               Conj           4%         1d3       21%         1
 Searing Ray              Conj           2%         3d3       30%         2
 Spider Form              Tmut/Pois      2%         N/A       34%         3
 Dazzling Flash           Conj/Hex       2%         N/A       52%         3
 Ice Form                 Ice/Tmut       5%         N/A       75%         4
 Fulminant Prism          Conj/Hex       0%         3d6       89%         4
 Iskenderun's Mystic Bla  Conj/Tloc      1%         2d3       89%         4
 Hydra Form               Tmut           5%         N/A       89%         5

Inventory:

Missiles
 a - 62 stones
 d - 22 sling bullets
 f - 27 arrows
Scrolls
 b - a scroll of teleportation {@r4}
 g - a scroll of vulnerability {unknown}
Potions
 c - a potion of cancellation

Dungeon Overview and Level Annotations

Branches:
Dungeon (2/15)

Altars:

Annotations:
D:2 Sigmund

#.....#
#.....#
######.....#
#....#.....#
#.##.#.#####
#.##.#.######
#...........#
####...####.#
##### #@#
........@...#
#######.#####
#.# #.# ...
#.# ...


You could see Sigmund.


Message History

Your magical contamination has completely faded away.
The helpless adder fails to defend itself.
You tentacle-slap the adder. You grab the adder. You constrict the adder.
The adder misses you. x2
You barely miss the adder. You squeeze the adder.
You kill the adder! 😎 MP[+1] No target in view!
Your transformation is almost over.
Your tentacle spike disappears.
You see here an adder corpse.
You open the door.
There is an open door here.
You open the door.
There is an open door here.
Key pressed, stopping explore.
A frilled lizard and an adder come into view. 😎 MP[+1]
Your mp is fully restored (6).
One of your tentacles grows a vicious spike. 😎 MP[-1]
You lost 1 mp, and now have 5/6 mp.
The helpless adder fails to defend itself.
You tentacle-slap the adder. Your grab misses the adder.
The adder barely misses you. The adder closely misses you.
You tentacle-slap the adder but do no damage.
Your grab misses the adder. The adder misses you.
You closely miss the adder. You grab the adder. You constrict the adder.
The adder barely misses you.
You tentacle-slap the adder.
You pierce the adder.
You squeeze the adder.
You kill the adder! 😎 HP[+1]
You now have 24 max hp (+1).
Your hp is fully restored (24).
Your transformation is almost over.
The frilled lizard hisses angrily.
The frilled lizard bites you. 😕 HP[-2] MP[+1]
You take 2 damage, and now have 22/24 hp.
Your mp is fully restored (6).
You closely miss the frilled lizard. Your grab misses the frilled lizard.
Your squeeze misses the frilled lizard. The frilled lizard bites you. 😕 HP[-3]
You take 3 damage, and now have 19/24 hp.
You barely miss the frilled lizard. Your grab misses the frilled lizard.
Your tentacle spike misses the frilled lizard.
Your squeeze misses the frilled lizard. The frilled lizard bites you. 😮 HP[-1]
You take 1 damage, and now have 18/24 hp.
You are too injured to fight recklessly!
You are too injured to fight recklessly!
You are too injured to fight recklessly!
You are too injured to fight recklessly!
You are too injured to fight recklessly!
You are too injured to fight recklessly!
You are too injured to fight recklessly!
You tentacle-slap the frilled lizard.
You kill the frilled lizard!
Your tentacle spike disappears.
Key pressed, stopping explore.
You now have 1090 gold pieces (gained 12).
f - 27 arrows (gained 15) Key pressed, stopping explore.
A hobgoblin comes into view.
A kobold comes into view. It is wielding a +0 whip. 😎 HP[+6]
Your hp is fully restored (24).
One of your tentacles grows a vicious spike.
The kobold shouts!
The hobgoblin shouts!
You hear a shout! 😎 MP[-1]
You lost 1 mp, and now have 5/6 mp.
The hobgoblin misses you.
You tentacle-slap the hobgoblin. Your grab misses the hobgoblin.
Your tentacle spike misses the hobgoblin.
The hobgoblin closely misses you.
Sigmund the Dreaded comes into view.
He is wielding a +1 scythe of freezing.
The kobold misses you.
You tentacle-slap the kobold.
You kill the kobold!
You closely miss the hobgoblin. You grab the hobgoblin.
You pierce the hobgoblin.
You kill the hobgoblin!
Sigmund misses you. Sigmund closely misses you.
Things that are here:
a +0 whip; a hobgoblin corpse You tentacle-slap Sigmund.
Your grab misses Sigmund.
You pierce Sigmund.
Sigmund hits you with a +1 scythe of freezing!
Ouch! That really hurt!
* * * LOW HITPOINT WARNING * * *
Sigmund freezes you.
* * * LOW HITPOINT WARNING * * *
😨 HP[-14]
You take 14 damage, and now have 10/24 hp.
MASSIVE DAMAGE!! (PAUSE)
As you read the scroll labelled FIUGOB FEITAUL, it crumbles to dust.
A profound silence engulfs you.
It was a scroll of silence.
Sigmund is suddenly surrounded by pale blue light.
Sigmund hits you with a +1 scythe of freezing!
Ouch! That really hurt!
You die...

Action                   || total
-------------------------++-------
Melee: Unarmed           ||    66
       Kick              ||    16
       Constrict         ||    22
       Tentacles         ||     8
       Punch             ||     2
 Cast: Beastly Appendage ||    19
  Use: Scroll            ||     5
 Stab: Sleeping          ||     5
Armor: Skin              ||     3
Dodge: Dodged            ||    46

Levels and vault maps discovered:
D:1:      scummos_arrival_checkerplants, layout_loops_ring
D:2:      layout_basic, uniq_natasha, uniq_sigmund

Notes
Turn   | Place    | Note
-------+----------+-------------------------------------------
     0 | D:1      | spiderkeys the Octopode Transmuter began the quest for the
                  | Orb.
     0 | D:1      | Reached XP level 1. HP: 13/13 MP: 3/3
     0 | D:1      | magus.rc [v1.9.10]
    77 | D:1      | HP: 2/13 [jackal (2)]
   525 | D:1      | Reached XP level 2. HP: 18/18 MP: 3/5
   651 | D:1      | Identified a scroll of acquirement
   651 | D:1      | Acquired 1051 gold pieces
  1209 | D:1      | Reached XP level 3. HP: 23/23 MP: 4/6
  1835 | D:2      | You pick up a book of Conjurations and begin reading...
  1835 | D:2      | You add the spells Magic Dart, Searing Ray, Dazzling Flash,
                  | Fulminant Prism and Iskenderun's Mystic Blast to your
                  | library.
  2020 | D:2      | Noticed Sigmund
  2026 | D:2      | Slain by Sigmund

Vanquished Creatures
  2 adders (D:2)
  2 dart slugs (D:1)
  2 bats
  2 giant cockroaches (D:1)
  4 goblins (D:1)
  3 hobgoblins
  7 jackals (D:1)
  A ball python (D:1)
  A frilled lizard (D:2)
  3 kobolds
  3 rats (D:1)
30 creatures vanquished.

Table legend:
 A = Non-vault XP
 B = Vault XP
 C = Vault XP percentage of total XP
 D = Non-vault monster count
 E = Vault monster count
 F = Vault count percentage of total count
                 A         B        C        D         E       F
            +---------+---------+-------+---------+---------+-------
      Total |      77 |       0 |   0.0 |      30 |       0 |   0.0
            +---------+---------+-------+---------+---------+-------
        D:1 |      46 |       0 |   0.0 |      24 |       0 |   0.0
        D:2 |      31 |       0 |   0.0 |       6 |       0 |   0.0
            +---------+---------+-------+---------+---------+-------

Illustrated notes

Table legend:
 A = Kills in this place as a percentage of kills in entire the game.
 B = Kills by you in this place as a percentage of kills by you in the entire game.
 C = Kills by friends in this place as a percentage of kills by friends in the entire game.
 D = Other kills in this place as a percentage of other kills in the entire game.
 E = Experience gained in this place as a percentage of experience gained in the entire game.
 F = Experience gained in this place divided by the number of levels of this place that you have seen.
                   A       B       C       D       E      F
               +-------+-------+-------+-------+-------+----------------------
         Total | 100.0 | 100.0 |   N/A |   N/A | 100.0 |  38.5
       Dungeon | 100.0 | 100.0 |   N/A |   N/A | 100.0 |  38.5
               +-------+-------+-------+-------+-------+----------------------

Table legend: (Time is in decaauts)
 A = Elapsed time spent in this place.
 B = Non-inter-level travel time spent in this place.
 C = Inter-level travel time spent in this place.
 D = Time resting spent in this place.
 E = Time spent auto-exploring this place.
 F = Levels seen in this place.
 G = Mean time per level.
                   A        B        C        D        E       F      G
               +--------+--------+--------+--------+--------+-----+--------+
         Total |   2022 |   2003 |     19 |    371 |   1427 |   2 | 1011.0 |
       Dungeon |   2022 |   2003 |     19 |    371 |   1427 |   2 | 1011.0 |
               +--------+--------+--------+--------+--------+-----+--------+

Top non-repeatable levels by time:
     D:1: 1625 daAuts
     D:2: 397 daAuts
